 Dungeon Crawl Stone Soup version 0.22-a0-570-g58866f5 (webtiles) character file.

14 kae the Sneak (level 2, -1/13 HPs)
             Began as a Spriggan Enchanter on June 30, 2018.
             Slain by a kobold
             ... wielding a cursed -3 dagger
              (5 damage)
             ... on level 1 of the Dungeon.
             The game lasted 00:00:41 (678 turns).

kae the Sneak (Spriggan Enchanter)                   Turns: 678, Time: 00:00:42

Health: -1/13      AC:  2    Str:  4    XL:     2   Next: 31%
Magic:  0/6        EV: 18    Int: 16    God:
Gold:   19         SH:  0    Dex: 16    Spells: 3/6 levels left

rFire    . . .     SeeInvis +   a - +1 dagger
rCold    . . .     Gourm    .   (shield restricted)
rNeg     . . .     Faith    .   b - +0 robe
rPois    .         Spirit   .   (helmet restricted)
rElec    .         Reflect  .   (no cloak)
rCorr    .         Harm     .   (gloves unavailable)
MR       .....                  (boots unavailable)
Stlth    +++.......             (no amulet)
HPRegen  0.04/turn              (no ring)
MPRegen  0.10/turn              (no ring)

@: very quick
A: very small, unfitting armour, see invisible, herbivore, speed 3, slow
metabolism 2
a: no special abilities


You were on level 1 of the Dungeon.
You were not hungry.

You visited 1 branch of the dungeon, and saw 1 of its levels.

You collected 19 gold pieces.

Inventory:

Hand Weapons
 a - a +1 dagger (weapon)
Armour
 b - a +0 robe (worn)
Jewellery
 f - a cursed ring of teleportation {unknown}
Scrolls
 c - a scroll of teleportation {unknown}
 e - a scroll of fog {unknown}
 g - a scroll of identify {unknown}
 i - a scroll of enchant weapon {unknown}
Potions
 h - a potion of curing {unknown}
Comestibles
 d - 3 rations


   Skills:
 * Level 1.7 Short Blades
 - Level 3.0 Dodging
 * Level 4.9 Stealth
 + Level 2.9 Spellcasting
 + Level 3.8 Hexes


You had 3 spell levels left.
You knew the following spells:

 Your Spells              Type           Power        Failure   Level  Hunger
a - Corona                Hex            ##.....      4%          1    #......
b - Ensorcelled Hibernat  Hex/Ice        #.....       13%         2    ##.....

Your spell library contained the following spells:

 Spells                   Type           Power        Failure   Level  Hunger
 Confuse                  Hex            ##......     12%         3    ###....
 Tukima's Dance           Hex            ##......     12%         3    ###....
 Dazzling Spray           Conj/Hex       #.....       26%         3    ###....


Dungeon Overview and Level Annotations

Branches:
Dungeon (1/15)

Altars:


Innate Abilities, Weirdness & Mutations

You are very small and have problems with some larger weapons.
You are too small for most types of armour.
You have supernaturally acute eyesight. (SInv)
You are a herbivore.
You cover ground extremely quickly.
You need to consume almost no food.


Message History

Aiming: Ensorcelled Hibernation (safe; 13% risk of failure)
Press: ? - help, Shift-Dir - straight line, f - hobgoblin
Aim: a hobgoblin (chance to defeat MR: 57%)
The hobgoblin looks drowsy...
Casting: Ensorcelled Hibernation (safe; 13% risk of failure)
Confirm with . or Enter, or press ? or * to list all spells.
You don't have enough magic to cast that spell.
The helpless hobgoblin fails to defend itself.
You impale the hobgoblin!!
You kill the hobgoblin!
Casting: Ensorcelled Hibernation (safe; 13% risk of failure)
Confirm with . or Enter, or press ? or * to list all spells.
You don't have enough magic to cast that spell.
Casting: Ensorcelled Hibernation (safe; 13% risk of failure)
Confirm with . or Enter, or press ? or * to list all spells.
You don't have enough magic to cast that spell.
You completely miss the kobold. The kobold hits you with a dagger.
You hit the kobold but do no damage. You hit the kobold but do no damage.
The kobold hits you with a dagger.
You die...

#......# #####..)...##... ....
.[.!........#..# ....
............#..#......
.........g..#..#.....
.......((...#..#...
............##.#.#
..........(.##...#
...........KK@...#############
............###....[..........
...K..........................
............###..####..###....
............# ##.## ##.###.###
###############..#####.##...#
#....#..............###.#...#
#.##.#.######.......# #.#####
#.##.#...####.......# #..###.


You could see 2 kobolds.

Vanquished Creatures
  A dart slug (D:1)
  2 bats (D:1)
  A goblin (D:1)
  4 hobgoblins (D:1)
  A kobold (D:1)
  2 rats (D:1)
11 creatures vanquished.

Notes
Turn   | Place    | Note
-------+----------+-------------------------------------------
     0 | D:1      | kae the Spriggan Enchanter began the quest for the Orb.
     0 | D:1      | Reached XP level 1. HP: 9/9 MP: 5/5
   214 | D:1      | Reached XP level 2. HP: 4/13 MP: 1/6
   258 | D:1      | Learned a level 2 spell: Ensorcelled Hibernation
   678 | D:1      | Slain by a kobold

Vault maps used:
D:1:      dpeg_arrival_simpleton_a

Action                   || total
-------------------------++-------
Melee: Dagger            ||    37
 Cast: Corona            ||     5
       Ensorcelled Hiber ||     6
 Stab: Sleeping          ||     5
Armor: Robe              ||     8
Dodge: Dodged            ||    32

Table legend:
 A = Spawn XP
 B = Non-spawn XP
 C = Spawn XP percentage of total XP
 D = Spawn monster count
 E = Non-spawn monster count
 F = Spawn count percentage of total count
 G = Total turns spent on level
                    A         B        C        D         E        F      G
               +---------+---------+-------+---------+---------+-------+---------
         Total |       0 |      21 |   0.0 |       0 |      11 |   0.0 |   678
               +---------+---------+-------+---------+---------+-------+---------
           D:1 |       0 |      21 |   0.0 |       0 |      11 |   0.0 |   678
               +---------+---------+-------+---------+---------+-------+---------
